 Dungeon Crawl Stone Soup version 0.21.0-3-g78d12a8 (webtiles) character file.

279 tidbits the Sneak (level 6, -3/33 HPs)
             Began as a Vine Stalker Wizard on Jan 10, 2018.
             Slain by an ogre
             ... wielding a +0 giant club
              (14 damage)
             ... on level 6 of the Dungeon.
             The game lasted 00:09:02 (1057 turns).

tidbits the Sneak (Vine Stalker Wizard)             Turns: 1057, Time: 00:09:02

Health: -3/33      AC:  3    Str: 11    XL:     6   Next: 26%
Magic:  0/11       EV: 12    Int: 18    God:
Gold:   73         SH:  0    Dex: 13    Spells: 10/11 levels left

rFire    . . .     SeeInvis .   l - +0 hand axe (curse)
rCold    . . .     Gourm    .   (no shield)
rNeg     . . .     Faith    .   k - +0 robe
rPois    .         Spirit   +   b - +1 hat
rElec    .         Reflect  .   (no cloak)
rCorr    .         Harm     .   (no gloves)
MR       .....                  (no boots)
Stlth    +++.......             (no amulet)
HPRegen  0.51/turn              (no ring)
MPRegen  0.12/turn              (no ring)

@: no status effects
A: fangs 2, regeneration 1, magic shield, antimagic bite, no potion heal 3, rot
immunity
a: no special abilities


You were on level 6 of the Dungeon.
You were not hungry.

You visited 1 branch of the dungeon, and saw 6 of its levels.

You collected 73 gold pieces.

Inventory:

Hand Weapons
 a - a +1 dagger
 f - a +3 dagger
 g - a +1 whip of electrocution
   (You found it on level 2 of the Dungeon)
 l - a cursed +0 hand axe (weapon)
Missiles
 m - 44 arrows
Armour
 b - a +1 hat (worn)
 e - a +0 ring mail
 k - a +0 robe (worn)
Scrolls
 i - 4 scrolls of enchant weapon
 n - 2 scrolls of fog
 o - a scroll of identify
Potions
 j - a potion of curing
Books
 c - a book of Minor Magic

   Spells                             Type                      Level
   a - Magic Dart                     Conjuration                  1
   b - Blink                          Translocation                2
   c - Call Imp                       Summoning                    2
   d - Slow                           Hexes                        2
   e - Conjure Flame                  Conjuration/Fire             3
   f - Mephitic Cloud                 Conjuration/Poison/Air       3
Comestibles
 d - 5 rations
 p - 2 chunks of flesh


   Skills:
 + Level 3.7 Fighting
 - Level 1.5 Dodging
 + Level 6.1 Stealth
 - Level 3.2 Spellcasting
 - Level 1.0 Conjurations
   Level 1.0 Summonings
   Level 1.0 Translocations


You had 10 spell levels left.
You knew the following spells:

 Your Spells              Type           Power        Failure   Level  Hunger
a - Magic Dart            Conj           #...         11%         1    None


Dungeon Overview and Level Annotations

Branches:
Dungeon (6/15)
 Temple: D:4-7

Altars:
Ashenzari
Ru
Trog
Yredelemnul

Annotations:
D:2 Terence
D:3 Natasha
D:5 Menkaure


Innate Abilities, Weirdness & Mutations

You have extremely sharp teeth.
Your natural rate of healing is unusually fast.
When hurt, damage is shared between your health and your magic reserves.
Your bite disrupts and absorbs the magic of your enemies.
Potions cannot restore your health.
You are immune to rotting.


Message History

Aiming: Magic Dart
Press: ? - help, Shift-Dir - straight line, f/p - bullfrog
Aim: a bullfrog (almost dead)
The magic dart hits the bullfrog.
You kill the bullfrog!
Your Fighting skill increases to level 3!
Your Stealth skill increases to level 5!
Found 3 scrolls of identify.
Found a small jasper amulet.
A centaur comes into view.
Found a stone staircase leading down.
A howler monkey comes into view.
The howler monkey howls!
You hear an angry hiss.
A ball python comes into view.
A jelly comes into view.
The howler monkey hoots and howls with incredible vigour!
You hear a distant blaring wail to the west.
You hear a shout!
You hear a croak.
A wyvern comes into view.
You see here 3 scrolls of identify.
As you read the scroll of identify, it crumbles to dust.
g - a +1 whip of electrocution The wyvern hisses angrily.
The ball python bites you but does no damage.
The ball python barely misses you.
The howler monkey hoots and howls with incredible vigour!
You hear a shout!
You hear a bark!
You hear a croak.
You hear a shout! x3
You hear a croak.
You hear a shout!
Okay, then.
The howler monkey hoots and howls with incredible vigour!
You hear a bark!
The ball python bites you but does no damage.
The ball python grabs you. The ball python constricts you.
You escape the ball python's grasp.
A hound comes into view.
Evoke which item? (* to show all) (? for menu, Esc to quit)
Aiming: Scattershot
Press: ? - help, Shift-Dir - straight line, f - hound
Aim: a hound The burst of metal fragments hits the hound. x2
You kill the hound!
The howler monkey hoots and howls with incredible vigour!
The ball python misses you. The ball python closely misses you.
You hear a shout! x2
A bullfrog comes into view.
A jelly comes into view.
A crimson imp comes into view.
The bullfrog hits you.
Found a scroll of identify.
Unknown command.
The crimson imp shouts, "Run away, thou odious beetle-headed fustilarian!"
The crimson imp barely misses you. The bullfrog closely misses you.
Found 8 gold pieces.
Found a stone staircase leading up.
An orc comes into view. It is wielding a club.
The crimson imp hits you.
An orc comes into view. It is wielding a club.
The bullfrog hits you.
An orc comes into view. It is wielding a mace.
The howler monkey hoots and howls with incredible vigour!
The bullfrog hits you but does no damage.
You hear a shout! x2
Found a crooked bone wand.
An orc wizard comes into view. It is wielding a dagger.
The bullfrog barely misses you.
Unknown command.
An ice beast comes into view.
An ogre comes into view. It is wielding a giant club.
The orc wizard misses you. The bullfrog hits you!
* * * LOW HITPOINT WARNING * * *
Found 9 gold pieces.
Unknown command.
Okay, then.
Evoke which item? (* to show all) (? for menu, Esc to quit)
Aiming: Scattershot
Press: ? - help, Shift-Dir - straight line, f - bullfrog
Aim: a bullfrog The burst of metal fragments hits the bullfrog.
The burst of metal fragments hits the wyvern. x2
The burst of metal fragments hits the bullfrog.
The bullfrog is severely wounded.
The wyvern is moderately wounded.
The bullfrog hits you.
* * * LOW HITPOINT WARNING * * *
The orc wizard hits you with a dagger.
* * * LOW HITPOINT WARNING * * *
Evoke which item? (* to show all) (? for menu, Esc to quit)
Aiming: Scattershot
Press: ? - help, Shift-Dir - straight line, f - bullfrog
Aim: a bullfrog (severely wounded)
The burst of metal fragments hits the bullfrog.
You kill the bullfrog!
Your Stealth skill increases to level 6!
You have reached level 6!
Your experience leads to an increase in your attributes!
Increase (S)trength, (I)ntelligence, or (D)exterity?
You feel stronger.
The burst of metal fragments hits the wyvern. x3
The wyvern is severely wounded.
The now-empty wand crumbles to dust.
The ogre hits you with a giant club!
You die...

. .......#
##########......###....
...c.hl...............
..#######.#..### .#..
..# #...#....# .... ..#
#.#...So.#o.<.. . ..#
#..J##..5.o..# ..# ..#
#..?. ###.###.#....#
..##..... #.hl@oY.....
..##...J. #.o##O#####.
###...... #..# .#
...... ##.# .. #.# ..#
#.# ..# #.. $.# #.. ..#


You could see a wyvern, an ice beast, an ogre, a howler monkey, an orc wizard
and an orc.

Vanquished Creatures
  2 bullfrogs (D:6)
  A scorpion (D:4)
  A hound (D:6)
  3 adders
  A dart slug (D:1)
  A leopard gecko (D:2)
  6 bats
  4 giant cockroaches
  4 goblins
  8 hobgoblins
  3 jackals (D:2)
  2 kobolds (D:1)
  A frilled lizard (D:1)
  4 rats
41 creatures vanquished.

Notes
Turn   | Place    | Note
-------+----------+-------------------------------------------
     0 | D:1      | tidbits the Vine Stalker Wizard began the quest for the Orb.
     0 | D:1      | Reached XP level 1. HP: 9/9 MP: 5/5
   133 | D:1      | Reached XP level 2. HP: 14/14 MP: 0/7
   174 | D:1      | Reached skill level 1 in Fighting
   174 | D:1      | Reached skill level 3 in Stealth
   191 | D:2      | Found a basalt altar of Yredelemnul.
   193 | D:2      | Found a shattered altar of Ashenzari.
   479 | D:2      | Reached XP level 3. HP: 5/18 MP: 0/8
   621 | D:2      | Noticed Terence
   639 | D:2      | Found a sacrificial altar of Ru.
   685 | D:2      | Found a bloodstained altar of Trog.
   856 | D:3      | Reached skill level 4 in Stealth
   866 | D:3      | Reached skill level 2 in Fighting
   884 | D:3      | Noticed Natasha
   907 | D:4      | Noticed a scorpion
   921 | D:4      | Killed a scorpion
   921 | D:4      | Gained mutation: Your natural rate of healing is unusually fast. [Vine Stalker growth]
   921 | D:4      | Reached XP level 4. HP: 17/23 MP: 3/9
   958 | D:4      | Noticed a phantom
   964 | D:5      | Entered Level 5 of the Dungeon
   989 | D:5      | Noticed Menkaure
   996 | D:6      | Reached XP level 5. HP: 20/27 MP: 3/10
  1019 | D:6      | Reached skill level 3 in Fighting
  1019 | D:6      | Reached skill level 5 in Stealth
  1025 | D:6      | Noticed a centaur
  1033 | D:6      | Noticed a wyvern
  1055 | D:6      | Noticed an ice beast
  1055 | D:6      | Noticed an ogre
  1057 | D:6      | Reached skill level 6 in Stealth
  1057 | D:6      | Reached XP level 6. HP: 10/33 MP: 3/11
  1057 | D:6      | Slain by an ogre

Skill      XL: |  1  2  3  4  5 |
---------------+----------------+-----
Fighting       | 1 2 3 |  3.7
Stealth        | 3 4 6 |  6.1
Dodging        | |  1.5
Spellcasting   | |  3.2
Conjurations   | |  1.0
Summonings     | |  1.0
Translocations | |  1.0

Action                   |  1- 3 |  4- 6 || total
-------------------------+-------+-------++-------
Melee: Unarmed           |    16 |       ||    16
       Bite              |    15 |     2 ||    17
       Dagger            |     7 |       ||     7
       Hand axe          |    33 |     8 ||    41
 Cast: Magic Dart        |    76 |    10 ||    86
Evoke: Wand              |       |     5 ||     5
  Use: Scroll            |     5 |     2 ||     7
       Potion            |     2 |     1 ||     3
 Stab: Sleeping          |       |     1 ||     1
Armor: Robe              |    17 |     4 ||    21
Dodge: Dodged            |    66 |    23 ||    89

Table legend:
 A = Turns spent in this place as a percentage of turns spent in the entire game.
 B = Non-inter-level travel turns spent in this place as a percentage of non-inter-level travel turns spent in the entire game.
 C = Inter-level travel turns spent in this place as a percentage of turns spent in this place.
 D = Turns resting spent in this place as a percentage of non-inter-level travel turns spent in this place.
 E = Turns spent auto-exploring this place as a percentage of non-inter-level travel turns spent in this place.
 F = Non-inter-level travel turns spent in this place divided by the number of levels of this place that you've seen.
                   A       B       C       D       E      F
               +-------+-------+-------+-------+-------+----------------------
         Total | 100.0 | 100.0 |   2.4 |   0.0 |   0.0 | 172.0
       Dungeon | 100.0 | 100.0 |   2.4 |   0.0 |   0.0 | 172.0
               +-------+-------+-------+-------+-------+----------------------

Table legend:
 A = Kills in this place as a percentage of kills in entire the game.
 B = Kills by you in this place as a percentage of kills by you in the entire game.
 C = Kills by friends in this place as a percentage of kills by friends in the entire game.
 D = Other kills in this place as a percentage of other kills in the entire game.
 E = Experience gained in this place as a percentage of experience gained in the entire game.
 F = Experience gained in this place divided by the number of levels of this place that you have seen.
                   A       B       C       D       E      F
               +-------+-------+-------+-------+-------+----------------------
         Total | 100.0 | 100.0 |   N/A |   N/A | 100.0 |  66.5
       Dungeon | 100.0 | 100.0 |   N/A |   N/A | 100.0 |  66.5
               +-------+-------+-------+-------+-------+----------------------

Vault maps used:
D:1:      onia_arrival_mini_spirals
D:2:      marbit_many_paths, old_standard_altar,
          nicolae_ru_sacrificial_ziggurat,
          chequers_temple_overflow_statue_of_worship, uniq_terence
D:3:      nemelex_diamond_rough_becter, uniq_natasha
D:4:      lemuel_round_altar, grunt_gozag_statues, kennysheep_mini_moat,
          first_ration, serial_park_tiny_1, uniq_eustachio
D:5:      lemuel_doored_altar, uniq_ijyb, uniq_menkaure
D:6:      kennysheep_spiral_hall
